Workbook

Sheet DASHBOARD
A1: DASHBOARD — VISÃO DAS METAS
A2: Acompanhe valor total, progresso, urgência de prazo e necessidade mensal de aporte.
A3: Metas cadastradas | C3: Valor necessário (R$) | E3: Valor acumulado (R$) | G3: Falta acumular (R$) | I3: Progresso global
A4: =COUNTIF(METAS!$B$8:$B$107,"<>") -> 5 | C4: =SUM(METAS!$E$8:$E$107) -> 195000 | E4: =SUM(METAS!$F$8:$F$107) -> 17620 | G4: =SUM(METAS!$G$8:$G$107) -> 177380 | I4: =IF(SUM(METAS!$E$8:$E$107)=0,0,MIN(1,SUM(METAS!$F$8:$F$107)/SUM(METAS!$E$8:$E$107))) -> 0.090358974
A7: Concluídas | C7: Prazo vencido | E7: Vencem no alerta | G7: Aporte mensal total | I7: Alta prioridade em aberto
A8: =COUNTIF(METAS!$M$8:$M$107,"Concluída") -> 0 | C8: =COUNTIF(METAS!$M$8:$M$107,"Prazo vencido") -> 0 | E8: =COUNTIFS(METAS!$H$8:$H$107,">="&TODAY(),METAS!$H$8:$H$107,"<="&TODAY()+CONFIG!$F$5,METAS!$L$8:$L$107,"<1") -> 1 | G8: =ROUND(SUM(METAS!$K$8:$K$107),2) -> 8796.59 | I8: =COUNTIFS(METAS!$I$8:$I$107,"Alta",METAS!$L$8:$L$107,"<1",METAS!$B$8:$B$107,"<>") -> 3
A12: METAS — RESUMO OPERACIONAL
A13: Meta | B13: Valor necessário | C13: Valor acumulado | D13: Progresso | E13: Prazo | F13: Status
A14: =IF(METAS!B8="","",METAS!B8) -> Reserva de emergência | B14: =IF(METAS!B8="","",METAS!E8) -> 30000 | C14: =IF(METAS!B8="","",METAS!F8) -> 6120 | D14: =IF(METAS!B8="","",METAS!L8) -> 0.204 | E14: =IF(METAS!B8="","",METAS!H8) -> 46630 | F14: =IF(METAS!B8="","",METAS!M8) -> Em andamento
A15: =IF(METAS!B9="","",METAS!B9) -> Viagem de férias | B15: =IF(METAS!B9="","",METAS!E9) -> 12000 | C15: =IF(METAS!B9="","",METAS!F9) -> 2000 | D15: =IF(METAS!B9="","",METAS!L9) -> 0.16666667 | E15: =IF(METAS!B9="","",METAS!H9) -> 46418 | F15: =IF(METAS!B9="","",METAS!M9) -> Em andamento
A16: =IF(METAS!B10="","",METAS!B10) -> Curso de especialização | B16: =IF(METAS!B10="","",METAS!E10) -> 8000 | C16: =IF(METAS!B10="","",METAS!F10) -> 1500 | D16: =IF(METAS!B10="","",METAS!L10) -> 0.1875 | E16: =IF(METAS!B10="","",METAS!H10) -> 46310 | F16: =IF(METAS!B10="","",METAS!M10) -> Atenção
A17: =IF(METAS!B11="","",METAS!B11) -> Entrada do carro | B17: =IF(METAS!B11="","",METAS!E11) -> 25000 | C17: =IF(METAS!B11="","",METAS!F11) -> 3000 | D17: =IF(METAS!B11="","",METAS!L11) -> 0.12 | E17: =IF(METAS!B11="","",METAS!H11) -> 46934 | F17: =IF(METAS!B11="","",METAS!M11) -> Em andamento
A18: =IF(METAS!B12="","",METAS!B12) -> Entrada da casa | B18: =IF(METAS!B12="","",METAS!E12) -> 120000 | C18: =IF(METAS!B12="","",METAS!F12) -> 5000 | D18: =IF(METAS!B12="","",METAS!L12) -> 0.041666667 | E18: =IF(METAS!B12="","",METAS!H12) -> 47848 | F18: =IF(METAS!B12="","",METAS!M12) -> Em andamento
A19: =IF(METAS!B13="","",METAS!B13) | B19: =IF(METAS!B13="","",METAS!E13) | C19: =IF(METAS!B13="","",METAS!F13) | D19: =IF(METAS!B13="","",METAS!L13) | E19: =IF(METAS!B13="","",METAS!H13) | F19: =IF(METAS!B13="","",METAS!M13)
A20: =IF(METAS!B14="","",METAS!B14) | B20: =IF(METAS!B14="","",METAS!E14) | C20: =IF(METAS!B14="","",METAS!F14) | D20: =IF(METAS!B14="","",METAS!L14) | E20: =IF(METAS!B14="","",METAS!H14) | F20: =IF(METAS!B14="","",METAS!M14)
A21: =IF(METAS!B15="","",METAS!B15) | B21: =IF(METAS!B15="","",METAS!E15) | C21: =IF(METAS!B15="","",METAS!F15) | D21: =IF(METAS!B15="","",METAS!L15) | E21: =IF(METAS!B15="","",METAS!H15) | F21: =IF(METAS!B15="","",METAS!M15)

Sheet INICIO
A1: METAS PESSOAIS E PLANEJAMENTO — v1.0
A2: Modelo para transformar objetivos pessoais em metas financeiras acompanháveis por valor, prazo, aporte e próxima ação.
A4: 1. FLUXO DE USO
A5: Passo | B5: O que fazer
A6: 1 | B6: Na aba METAS, cadastre ID, meta, categoria, data de início, valor necessário, prazo, prioridade e próxima ação.
A7: 2 | B7: Na aba APORTES, registre aportes, resgates e rendimentos realizados vinculando o ID da meta.
A8: 3 | B8: Consulte o DASHBOARD para enxergar progresso, prazos críticos, metas prioritárias e necessidade mensal total.
A10: 2. LÓGICA DO MODELO
A11: Regra | B11: Como funciona
A12: Valor acumulado | B12: Soma o impacto de todos os movimentos vinculados ao ID da meta.
A13: Falta acumular | B13: Valor necessário menos valor acumulado, nunca abaixo de zero.
A14: Contribuição mensal necessária | B14: Saldo restante dividido pelos meses até o prazo. Se o prazo já venceu, o modelo não força um valor mensal e sinaliza o status.
A15: Status | B15: Classifica automaticamente como concluída, prazo vencido, prazo crítico, atenção ou em andamento, usando os limites da aba CONFIG.
A17: 3. LEGENDA VISUAL
A18: Cor/estado | B18: Significado
A19: Texto azul | B19: Entrada manual do usuário.
A20: Texto verde / alertas | B20: Fórmula com referência entre abas; amarelo/laranja/vermelho indicam crescente urgência de prazo.
A22: 4. PESQUISA E REFERÊNCIAS
A23: Fonte | B23: Uso no desenho | C23: URL
A24: CFPB — Your Money, Your Goals | B24: Metas devem apoiar decisões e um plano de ação financeiro. | C24: https://www.consumerfinance.gov/consumer-tools/educator-tools/your-money-your-goals/toolkit/
A25: CFPB — Emergency fund guide | B25: Reserva de emergência como meta específica para despesas imprevistas; não há alvo universal hardcoded neste modelo. | C25: https://www.consumerfinance.gov/an-essential-guide-to-building-an-emergency-fund/
A26: CFPB — Set a goal, make a plan, save automatically | B26: Reforça objetivo, plano e automatização de poupança. | C26: https://www.consumerfinance.gov/archive/blog/set-a-goal-make-a-plan-and-save-automatically/
A27: Microsoft Support — Excel tables | B27: Uso de tabelas para consistência, expansão e filtros. | C27: https://support.microsoft.com/en-us/excel/use-calculated-columns-in-an-excel-table
A28: Data de corte | B28: Pesquisa revisada em 11/08/2026.
A30: 5. PREMISSAS E LIMITAÇÕES
A31: Premissa/limite | B31: Descrição
A32: Moeda | B32: Modelo configurado em BRL (R$) como premissa inicial; altere a indicação em CONFIG se necessário.
A33: Rentabilidade futura | B33: Não projeta juros, inflação ou retorno futuro. Rendimentos só entram quando realizados e registrados em APORTES.
A34: Reserva de emergência | B34: O modelo não impõe um valor-padrão. O usuário define seu objetivo conforme sua realidade.
A35: Capacidade | B35: Pré-formatado para até 100 metas e 500 movimentos. As tabelas podem ser expandidas no Excel.
A36: Compatibilidade | B36: Fórmulas usam funções consolidadas (IF, SUMIF, COUNTIF/COUNTIFS, INDEX/MATCH, TODAY, YEAR, MONTH, MAX/MIN/ABS).
A37: Antes de usar para decisões, confira a aba AUDITORIA: todos os controles devem estar em OK.

Sheet METAS
A1: METAS PESSOAIS E PLANEJAMENTO
A2: Cadastre uma meta por linha. O valor acumulado é calculado automaticamente pelos movimentos registrados na aba APORTES.
A4: Como usar
A5: Azul = entrada manual | Verde = cálculo com referência entre abas | Preto = cálculo | Status e progresso são automáticos.
A7: ID | B7: Meta | C7: Categoria | D7: Data de início | E7: Valor necessário (R$) | F7: Valor acumulado (R$) | G7: Falta acumular (R$) | H7: Prazo | I7: Prioridade | J7: Meses restantes | K7: Contribuição mensal necessária (R$) | L7: Progresso | M7: Status | N7: Próxima ação
A8: M001 | B8: Reserva de emergência | C8: Reserva de emergência | D8: 46023 | E8: 30000 | F8: =IF($B8="","",SUMIF(APORTES!$B$8:$B$507,$A8,APORTES!$F$8:$F$507)) -> 6120 | G8: =IF($B8="","",MAX(0,$E8-$F8)) -> 23880 | H8: 46630 | I8: Alta | J8: =IF(OR($B8="",$H8=""),"",IF($H8<TODAY(),0,MAX(1,(YEAR($H8)-YEAR(TODAY()))*12+MONTH($H8)-MONTH(TODAY())+1))) -> 13 | K8: =IF($B8="","",IF($G8<=0,0,IF(OR($H8="",$H8<TODAY()),"",ROUND($G8/$J8,2)))) -> 1836.92 | L8: =IF($B8="","",IF($E8<=0,0,MIN(1,MAX(0,$F8/$E8)))) -> 0.204 | M8: =IF($B8="","",IF($E8<=0,"Revisar valor",IF($L8>=1,"Concluída",IF($H8="","Preencher prazo",IF($H8<TODAY(),"Prazo vencido",IF($H8-TODAY()<=CONFIG!$F$6,"Prazo crítico",IF($H8-TODAY()<=CONFIG!$F$5,"Atenção","Em andamento"))))))) -> Em andamento | N8: Automatizar transferência mensal
A9: M002 | B9: Viagem de férias | C9: Viagem | D9: 46143 | E9: 12000 | F9: =IF($B9="","",SUMIF(APORTES!$B$8:$B$507,$A9,APORTES!$F$8:$F$507)) -> 2000 | G9: =IF($B9="","",MAX(0,$E9-$F9)) -> 10000 | H9: 46418 | I9: Média | J9: =IF(OR($B9="",$H9=""),"",IF($H9<TODAY(),0,MAX(1,(YEAR($H9)-YEAR(TODAY()))*12+MONTH($H9)-MONTH(TODAY())+1))) -> 6 | K9: =IF($B9="","",IF($G9<=0,0,IF(OR($H9="",$H9<TODAY()),"",ROUND($G9/$J9,2)))) -> 1666.67 | L9: =IF($B9="","",IF($E9<=0,0,MIN(1,MAX(0,$F9/$E9)))) -> 0.16666667 | M9: =IF($B9="","",IF($E9<=0,"Revisar valor",IF($L9>=1,"Concluída",IF($H9="","Preencher prazo",IF($H9<TODAY(),"Prazo vencido",IF($H9-TODAY()<=CONFIG!$F$6,"Prazo crítico",IF($H9-TODAY()<=CONFIG!$F$5,"Atenção","Em andamento"))))))) -> Em andamento | N9: Revisar orçamento da viagem
A10: M003 | B10: Curso de especialização | C10: Educação / Curso | D10: 46174 | E10: 8000 | F10: =IF($B10="","",SUMIF(APORTES!$B$8:$B$507,$A10,APORTES!$F$8:$F$507)) -> 1500 | G10: =IF($B10="","",MAX(0,$E10-$F10)) -> 6500 | H10: 46310 | I10: Alta | J10: =IF(OR($B10="",$H10=""),"",IF($H10<TODAY(),0,MAX(1,(YEAR($H10)-YEAR(TODAY()))*12+MONTH($H10)-MONTH(TODAY())+1))) -> 3 | K10: =IF($B10="","",IF($G10<=0,0,IF(OR($H10="",$H10<TODAY()),"",ROUND($G10/$J10,2)))) -> 2166.67 | L10: =IF($B10="","",IF($E10<=0,0,MIN(1,MAX(0,$F10/$E10)))) -> 0.1875 | M10: =IF($B10="","",IF($E10<=0,"Revisar valor",IF($L10>=1,"Concluída",IF($H10="","Preencher prazo",IF($H10<TODAY(),"Prazo vencido",IF($H10-TODAY()<=CONFIG!$F$6,"Prazo crítico",IF($H10-TODAY()<=CONFIG!$F$5,"Atenção","Em andamento"))))))) -> Atenção | N10: Confirmar data de matrícula
A11: M004 | B11: Entrada do carro | C11: Veículo | D11: 46204 | E11: 25000 | F11: =IF($B11="","",SUMIF(APORTES!$B$8:$B$507,$A11,APORTES!$F$8:$F$507)) -> 3000 | G11: =IF($B11="","",MAX(0,$E11-$F11)) -> 22000 | H11: 46934 | I11: Média | J11: =IF(OR($B11="",$H11=""),"",IF($H11<TODAY(),0,MAX(1,(YEAR($H11)-YEAR(TODAY()))*12+MONTH($H11)-MONTH(TODAY())+1))) -> 23 | K11: =IF($B11="","",IF($G11<=0,0,IF(OR($H11="",$H11<TODAY()),"",ROUND($G11/$J11,2)))) -> 956.52 | L11: =IF($B11="","",IF($E11<=0,0,MIN(1,MAX(0,$F11/$E11)))) -> 0.12 | M11: =IF($B11="","",IF($E11<=0,"Revisar valor",IF($L11>=1,"Concluída",IF($H11="","Preencher prazo",IF($H11<TODAY(),"Prazo vencido",IF($H11-TODAY()<=CONFIG!$F$6,"Prazo crítico",IF($H11-TODAY()<=CONFIG!$F$5,"Atenção","Em andamento"))))))) -> Em andamento | N11: Definir teto de preço do veículo
A12: M005 | B12: Entrada da casa | C12: Moradia | D12: 46023 | E12: 120000 | F12: =IF($B12="","",SUMIF(APORTES!$B$8:$B$507,$A12,APORTES!$F$8:$F$507)) -> 5000 | G12: =IF($B12="","",MAX(0,$E12-$F12)) -> 115000 | H12: 47848 | I12: Alta | J12: =IF(OR($B12="",$H12=""),"",IF($H12<TODAY(),0,MAX(1,(YEAR($H12)-YEAR(TODAY()))*12+MONTH($H12)-MONTH(TODAY())+1))) -> 53 | K12: =IF($B12="","",IF($G12<=0,0,IF(OR($H12="",$H12<TODAY()),"",ROUND($G12/$J12,2)))) -> 2169.81 | L12: =IF($B12="","",IF($E12<=0,0,MIN(1,MAX(0,$F12/$E12)))) -> 0.041666667 | M12: =IF($B12="","",IF($E12<=0,"Revisar valor",IF($L12>=1,"Concluída",IF($H12="","Preencher prazo",IF($H12<TODAY(),"Prazo vencido",IF($H12-TODAY()<=CONFIG!$F$6,"Prazo crítico",IF($H12-TODAY()<=CONFIG!$F$5,"Atenção","Em andamento"))))))) -> Em andamento | N12: Separar conta exclusiva para a meta
F13: =IF($B13="","",SUMIF(APORTES!$B$8:$B$507,$A13,APORTES!$F$8:$F$507)) | G13: =IF($B13="","",MAX(0,$E13-$F13)) | J13: =IF(OR($B13="",$H13=""),"",IF($H13<TODAY(),0,MAX(1,(YEAR($H13)-YEAR(TODAY()))*12+MONTH($H13)-MONTH(TODAY())+1))) | K13: =IF($B13="","",IF($G13<=0,0,IF(OR($H13="",$H13<TODAY()),"",ROUND($G13/$J13,2)))) | L13: =IF($B13="","",IF($E13<=0,0,MIN(1,MAX(0,$F13/$E13)))) | M13: =IF($B13="","",IF($E13<=0,"Revisar valor",IF($L13>=1,"Concluída",IF($H13="","Preencher prazo",IF($H13<TODAY(),"Prazo vencido",IF($H13-TODAY()<=CONFIG!$F$6,"Prazo crítico",IF($H13-TODAY()<=CONFIG!$F$5,"Atenção","Em andamento")))))))
F14: =IF($B14="","",SUMIF(APORTES!$B$8:$B$507,$A14,APORTES!$F$8:$F$507)) | G14: =IF($B14="","",MAX(0,$E14-$F14)) | J14: =IF(OR($B14="",$H14=""),"",IF($H14<TODAY(),0,MAX(1,(YEAR($H14)-YEAR(TODAY()))*12+MONTH($H14)-MONTH(TODAY())+1))) | K14: =IF($B14="","",IF($G14<=0,0,IF(OR($H14="",$H14<TODAY()),"",ROUND($G14/$J14,2)))) | L14: =IF($B14="","",IF($E14<=0,0,MIN(1,MAX(0,$F14/$E14)))) | M14: =IF($B14="","",IF($E14<=0,"Revisar valor",IF($L14>=1,"Concluída",IF($H14="","Preencher prazo",IF($H14<TODAY(),"Prazo vencido",IF($H14-TODAY()<=CONFIG!$F$6,"Prazo crítico",IF($H14-TODAY()<=CONFIG!$F$5,"Atenção","Em andamento")))))))
F15: =IF($B15="","",SUMIF(APORTES!$B$8:$B$507,$A15,APORTES!$F$8:$F$507)) | G15: =IF($B15="","",MAX(0,$E15-$F15)) | J15: =IF(OR($B15="",$H15=""),"",IF($H15<TODAY(),0,MAX(1,(YEAR($H15)-YEAR(TODAY()))*12+MONTH($H15)-MONTH(TODAY())+1))) | K15: =IF($B15="","",IF($G15<=0,0,IF(OR($H15="",$H15<TODAY()),"",ROUND($G15/$J15,2)))) | L15: =IF($B15="","",IF($E15<=0,0,MIN(1,MAX(0,$F15/$E15)))) | M15: =IF($B15="","",IF($E15<=0,"Revisar valor",IF($L15>=1,"Concluída",IF($H15="","Preencher prazo",IF($H15<TODAY(),"Prazo vencido",IF($H15-TODAY()<=CONFIG!$F$6,"Prazo crítico",IF($H15-TODAY()<=CONFIG!$F$5,"Atenção","Em andamento")))))))
F16: =IF($B16="","",SUMIF(APORTES!$B$8:$B$507,$A16,APORTES!$F$8:$F$507)) | G16: =IF($B16="","",MAX(0,$E16-$F16)) | J16: =IF(OR($B16="",$H16=""),"",IF($H16<TODAY(),0,MAX(1,(YEAR($H16)-YEAR(TODAY()))*12+MONTH($H16)-MONTH(TODAY())+1))) | K16: =IF($B16="","",IF($G16<=0,0,IF(OR($H16="",$H16<TODAY()),"",ROUND($G16/$J16,2)))) | L16: =IF($B16="","",IF($E16<=0,0,MIN(1,MAX(0,$F16/$E16)))) | M16: =IF($B16="","",IF($E16<=0,"Revisar valor",IF($L16>=1,"Concluída",IF($H16="","Preencher prazo",IF($H16<TODAY(),"Prazo vencido",IF($H16-TODAY()<=CONFIG!$F$6,"Prazo crítico",IF($H16-TODAY()<=CONFIG!$F$5,"Atenção","Em andamento")))))))
F17: =IF($B17="","",SUMIF(APORTES!$B$8:$B$507,$A17,APORTES!$F$8:$F$507)) | G17: =IF($B17="","",MAX(0,$E17-$F17)) | J17: =IF(OR($B17="",$H17=""),"",IF($H17<TODAY(),0,MAX(1,(YEAR($H17)-YEAR(TODAY()))*12+MONTH($H17)-MONTH(TODAY())+1))) | K17: =IF($B17="","",IF($G17<=0,0,IF(OR($H17="",$H17<TODAY()),"",ROUND($G17/$J17,2)))) | L17: =IF($B17="","",IF($E17<=0,0,MIN(1,MAX(0,$F17/$E17)))) | M17: =IF($B17="","",IF($E17<=0,"Revisar valor",IF($L17>=1,"Concluída",IF($H17="","Preencher prazo",IF($H17<TODAY(),"Prazo vencido",IF($H17-TODAY()<=CONFIG!$F$6,"Prazo crítico",IF($H17-TODAY()<=CONFIG!$F$5,"Atenção","Em andamento")))))))
F18: =IF($B18="","",SUMIF(APORTES!$B$8:$B$507,$A18,APORTES!$F$8:$F$507)) | G18: =IF($B18="","",MAX(0,$E18-$F18)) | J18: =IF(OR($B18="",$H18=""),"",IF($H18<TODAY(),0,MAX(1,(YEAR($H18)-YEAR(TODAY()))*12+MONTH($H18)-MONTH(TODAY())+1))) | K18: =IF($B18="","",IF($G18<=0,0,IF(OR($H18="",$H18<TODAY()),"",ROUND($G18/$J18,2)))) | L18: =IF($B18="","",IF($E18<=0,0,MIN(1,MAX(0,$F18/$E18)))) | M18: =IF($B18="","",IF($E18<=0,"Revisar valor",IF($L18>=1,"Concluída",IF($H18="","Preencher prazo",IF($H18<TODAY(),"Prazo vencido",IF($H18-TODAY()<=CONFIG!$F$6,"Prazo crítico",IF($H18-TODAY()<=CONFIG!$F$5,"Atenção","Em andamento")))))))
F19: =IF($B19="","",SUMIF(APORTES!$B$8:$B$507,$A19,APORTES!$F$8:$F$507)) | G19: =IF($B19="","",MAX(0,$E19-$F19)) | J19: =IF(OR($B19="",$H19=""),"",IF($H19<TODAY(),0,MAX(1,(YEAR($H19)-YEAR(TODAY()))*12+MONTH($H19)-MONTH(TODAY())+1))) | K19: =IF($B19="","",IF($G19<=0,0,IF(OR($H19="",$H19<TODAY()),"",ROUND($G19/$J19,2)))) | L19: =IF($B19="","",IF($E19<=0,0,MIN(1,MAX(0,$F19/$E19)))) | M19: =IF($B19="","",IF($E19<=0,"Revisar valor",IF($L19>=1,"Concluída",IF($H19="","Preencher prazo",IF($H19<TODAY(),"Prazo vencido",IF($H19-TODAY()<=CONFIG!$F$6,"Prazo crítico",IF($H19-TODAY()<=CONFIG!$F$5,"Atenção","Em andamento")))))))
F20: =IF($B20="","",SUMIF(APORTES!$B$8:$B$507,$A20,APORTES!$F$8:$F$507)) | G20: =IF($B20="","",MAX(0,$E20-$F20)) | J20: =IF(OR($B20="",$H20=""),"",IF($H20<TODAY(),0,MAX(1,(YEAR($H20)-YEAR(TODAY()))*12+MONTH($H20)-MONTH(TODAY())+1))) | K20: =IF($B20="","",IF($G20<=0,0,IF(OR($H20="",$H20<TODAY()),"",ROUND($G20/$J20,2)))) | L20: =IF($B20="","",IF($E20<=0,0,MIN(1,MAX(0,$F20/$E20)))) | M20: =IF($B20="","",IF($E20<=0,"Revisar valor",IF($L20>=1,"Concluída",IF($H20="","Preencher prazo",IF($H20<TODAY(),"Prazo vencido",IF($H20-TODAY()<=CONFIG!$F$6,"Prazo crítico",IF($H20-TODAY()<=CONFIG!$F$5,"Atenção","Em andamento")))))))
F21: =IF($B21="","",SUMIF(APORTES!$B$8:$B$507,$A21,APORTES!$F$8:$F$507)) | G21: =IF($B21="","",MAX(0,$E21-$F21)) | J21: =IF(OR($B21="",$H21=""),"",IF($H21<TODAY(),0,MAX(1,(YEAR($H21)-YEAR(TODAY()))*12+MONTH($H21)-MONTH(TODAY())+1))) | K21: =IF($B21="","",IF($G21<=0,0,IF(OR($H21="",$H21<TODAY()),"",ROUND($G21/$J21,2)))) | L21: =IF($B21="","",IF($E21<=0,0,MIN(1,MAX(0,$F21/$E21)))) | M21: =IF($B21="","",IF($E21<=0,"Revisar valor",IF($L21>=1,"Concluída",IF($H21="","Preencher prazo",IF($H21<TODAY(),"Prazo vencido",IF($H21-TODAY()<=CONFIG!$F$6,"Prazo crítico",IF($H21-TODAY()<=CONFIG!$F$5,"Atenção","Em andamento")))))))
F22: =IF($B22="","",SUMIF(APORTES!$B$8:$B$507,$A22,APORTES!$F$8:$F$507)) | G22: =IF($B22="","",MAX(0,$E22-$F22)) | J22: =IF(OR($B22="",$H22=""),"",IF($H22<TODAY(),0,MAX(1,(YEAR($H22)-YEAR(TODAY()))*12+MONTH($H22)-MONTH(TODAY())+1))) | K22: =IF($B22="","",IF($G22<=0,0,IF(OR($H22="",$H22<TODAY()),"",ROUND($G22/$J22,2)))) | L22: =IF($B22="","",IF($E22<=0,0,MIN(1,MAX(0,$F22/$E22)))) | M22: =IF($B22="","",IF($E22<=0,"Revisar valor",IF($L22>=1,"Concluída",IF($H22="","Preencher prazo",IF($H22<TODAY(),"Prazo vencido",IF($H22-TODAY()<=CONFIG!$F$6,"Prazo crítico",IF($H22-TODAY()<=CONFIG!$F$5,"Atenção","Em andamento")))))))
F23: =IF($B23="","",SUMIF(APORTES!$B$8:$B$507,$A23,APORTES!$F$8:$F$507)) | G23: =IF($B23="","",MAX(0,$E23-$F23)) | J23: =IF(OR($B23="",$H23=""),"",IF($H23<TODAY(),0,MAX(1,(YEAR($H23)-YEAR(TODAY()))*12+MONTH($H23)-MONTH(TODAY())+1))) | K23: =IF($B23="","",IF($G23<=0,0,IF(OR($H23="",$H23<TODAY()),"",ROUND($G23/$J23,2)))) | L23: =IF($B23="","",IF($E23<=0,0,MIN(1,MAX(0,$F23/$E23)))) | M23: =IF($B23="","",IF($E23<=0,"Revisar valor",IF($L23>=1,"Concluída",IF($H23="","Preencher prazo",IF($H23<TODAY(),"Prazo vencido",IF($H23-TODAY()<=CONFIG!$F$6,"Prazo crítico",IF($H23-TODAY()<=CONFIG!$F$5,"Atenção","Em andamento")))))))
F24: =IF($B24="","",SUMIF(APORTES!$B$8:$B$507,$A24,APORTES!$F$8:$F$507)) | G24: =IF($B24="","",MAX(0,$E24-$F24)) | J24: =IF(OR($B24="",$H24=""),"",IF($H24<TODAY(),0,MAX(1,(YEAR($H24)-YEAR(TODAY()))*12+MONTH($H24)-MONTH(TODAY())+1))) | K24: =IF($B24="","",IF($G24<=0,0,IF(OR($H24="",$H24<TODAY()),"",ROUND($G24/$J24,2)))) | L24: =IF($B24="","",IF($E24<=0,0,MIN(1,MAX(0,$F24/$E24)))) | M24: =IF($B24="","",IF($E24<=0,"Revisar valor",IF($L24>=1,"Concluída",IF($H24="","Preencher prazo",IF($H24<TODAY(),"Prazo vencido",IF($H24-TODAY()<=CONFIG!$F$6,"Prazo crítico",IF($H24-TODAY()<=CONFIG!$F$5,"Atenção","Em andamento")))))))
... F107: =IF($B107="","",SUMIF(APORTES!$B$8:$B$507,$A107,APORTES!$F$8:$F$507)) | G107: =IF($B107="","",MAX(0,$E107-$F107)) | J107: =IF(OR($B107="",$H107=""),"",IF($H107<TODAY(),0,MAX(1,(YEAR($H107)-YEAR(TODAY()))*12+MONTH($H107)-MONTH(TODAY())+1))) | K107: =IF($B107="","",IF($G107<=0,0,IF(OR($H107="",$H107<TODAY()),"",ROUND($G107/$J107,2)))) | L107: =IF($B107="","",IF($E107<=0,0,MIN(1,MAX(0,$F107/$E107)))) | M107: =IF($B107="","",IF($E107<=0,"Revisar valor",IF($L107>=1,"Concluída",IF($H107="","Preencher prazo",IF($H107<TODAY(),"Prazo vencido",IF($H107-TODAY()<=CONFIG!$F$6,"Prazo crítico",IF($H107-TODAY()<=CONFIG!$F$5,"Atenção","Em andamento")))))))

Sheet APORTES
A1: APORTES, RESGATES E RENDIMENTOS
A2: Registre cada movimento. Informe o valor sempre positivo; o tipo 'Resgate' transforma automaticamente o impacto em negativo.
A4: Dica: use o ID da meta para vincular o movimento. O nome da meta e o impacto no saldo são calculados automaticamente.
A7: Data | B7: ID Meta | C7: Meta | D7: Tipo | E7: Valor informado (R$) | F7: Impacto no saldo (R$) | G7: Observação
A8: 46032 | B8: M001 | C8: =IF($B8="","",IF(COUNTIF(METAS!$A$8:$A$107,$B8)=0,"ID não encontrado",INDEX(METAS!$B$8:$B$107,MATCH($B8,METAS!$A$8:$A$107,0)))) -> Reserva de emergência | D8: Aporte | E8: 3500 | F8: =IF($D8="","",IF($D8="Resgate",-ABS($E8),ABS($E8))) -> 3500 | G8: Aporte inicial
A9: 46122 | B9: M001 | C9: =IF($B9="","",IF(COUNTIF(METAS!$A$8:$A$107,$B9)=0,"ID não encontrado",INDEX(METAS!$B$8:$B$107,MATCH($B9,METAS!$A$8:$A$107,0)))) -> Reserva de emergência | D9: Aporte | E9: 2500 | F9: =IF($D9="","",IF($D9="Resgate",-ABS($E9),ABS($E9))) -> 2500 | G9: Complemento
A10: 46178 | B10: M002 | C10: =IF($B10="","",IF(COUNTIF(METAS!$A$8:$A$107,$B10)=0,"ID não encontrado",INDEX(METAS!$B$8:$B$107,MATCH($B10,METAS!$A$8:$A$107,0)))) -> Viagem de férias | D10: Aporte | E10: 2000 | F10: =IF($D10="","",IF($D10="Resgate",-ABS($E10),ABS($E10))) -> 2000 | G10: Reserva da viagem
A11: 46208 | B11: M003 | C11: =IF($B11="","",IF(COUNTIF(METAS!$A$8:$A$107,$B11)=0,"ID não encontrado",INDEX(METAS!$B$8:$B$107,MATCH($B11,METAS!$A$8:$A$107,0)))) -> Curso de especialização | D11: Aporte | E11: 1500 | F11: =IF($D11="","",IF($D11="Resgate",-ABS($E11),ABS($E11))) -> 1500 | G11: Primeiro aporte
A12: 46223 | B12: M004 | C12: =IF($B12="","",IF(COUNTIF(METAS!$A$8:$A$107,$B12)=0,"ID não encontrado",INDEX(METAS!$B$8:$B$107,MATCH($B12,METAS!$A$8:$A$107,0)))) -> Entrada do carro | D12: Aporte | E12: 3000 | F12: =IF($D12="","",IF($D12="Resgate",-ABS($E12),ABS($E12))) -> 3000 | G12: Valor reservado
A13: 46068 | B13: M005 | C13: =IF($B13="","",IF(COUNTIF(METAS!$A$8:$A$107,$B13)=0,"ID não encontrado",INDEX(METAS!$B$8:$B$107,MATCH($B13,METAS!$A$8:$A$107,0)))) -> Entrada da casa | D13: Aporte | E13: 5000 | F13: =IF($D13="","",IF($D13="Resgate",-ABS($E13),ABS($E13))) -> 5000 | G13: Poupança inicial
A14: 46203 | B14: M001 | C14: =IF($B14="","",IF(COUNTIF(METAS!$A$8:$A$107,$B14)=0,"ID não encontrado",INDEX(METAS!$B$8:$B$107,MATCH($B14,METAS!$A$8:$A$107,0)))) -> Reserva de emergência | D14: Rendimento | E14: 120 | F14: =IF($D14="","",IF($D14="Resgate",-ABS($E14),ABS($E14))) -> 120 | G14: Rendimento realizado
C15: =IF($B15="","",IF(COUNTIF(METAS!$A$8:$A$107,$B15)=0,"ID não encontrado",INDEX(METAS!$B$8:$B$107,MATCH($B15,METAS!$A$8:$A$107,0)))) | F15: =IF($D15="","",IF($D15="Resgate",-ABS($E15),ABS($E15)))
C16: =IF($B16="","",IF(COUNTIF(METAS!$A$8:$A$107,$B16)=0,"ID não encontrado",INDEX(METAS!$B$8:$B$107,MATCH($B16,METAS!$A$8:$A$107,0)))) | F16: =IF($D16="","",IF($D16="Resgate",-ABS($E16),ABS($E16)))
C17: =IF($B17="","",IF(COUNTIF(METAS!$A$8:$A$107,$B17)=0,"ID não encontrado",INDEX(METAS!$B$8:$B$107,MATCH($B17,METAS!$A$8:$A$107,0)))) | F17: =IF($D17="","",IF($D17="Resgate",-ABS($E17),ABS($E17)))
C18: =IF($B18="","",IF(COUNTIF(METAS!$A$8:$A$107,$B18)=0,"ID não encontrado",INDEX(METAS!$B$8:$B$107,MATCH($B18,METAS!$A$8:$A$107,0)))) | F18: =IF($D18="","",IF($D18="Resgate",-ABS($E18),ABS($E18)))
C19: =IF($B19="","",IF(COUNTIF(METAS!$A$8:$A$107,$B19)=0,"ID não encontrado",INDEX(METAS!$B$8:$B$107,MATCH($B19,METAS!$A$8:$A$107,0)))) | F19: =IF($D19="","",IF($D19="Resgate",-ABS($E19),ABS($E19)))
C20: =IF($B20="","",IF(COUNTIF(METAS!$A$8:$A$107,$B20)=0,"ID não encontrado",INDEX(METAS!$B$8:$B$107,MATCH($B20,METAS!$A$8:$A$107,0)))) | F20: =IF($D20="","",IF($D20="Resgate",-ABS($E20),ABS($E20)))
C21: =IF($B21="","",IF(COUNTIF(METAS!$A$8:$A$107,$B21)=0,"ID não encontrado",INDEX(METAS!$B$8:$B$107,MATCH($B21,METAS!$A$8:$A$107,0)))) | F21: =IF($D21="","",IF($D21="Resgate",-ABS($E21),ABS($E21)))
C22: =IF($B22="","",IF(COUNTIF(METAS!$A$8:$A$107,$B22)=0,"ID não encontrado",INDEX(METAS!$B$8:$B$107,MATCH($B22,METAS!$A$8:$A$107,0)))) | F22: =IF($D22="","",IF($D22="Resgate",-ABS($E22),ABS($E22)))
C23: =IF($B23="","",IF(COUNTIF(METAS!$A$8:$A$107,$B23)=0,"ID não encontrado",INDEX(METAS!$B$8:$B$107,MATCH($B23,METAS!$A$8:$A$107,0)))) | F23: =IF($D23="","",IF($D23="Resgate",-ABS($E23),ABS($E23)))
C24: =IF($B24="","",IF(COUNTIF(METAS!$A$8:$A$107,$B24)=0,"ID não encontrado",INDEX(METAS!$B$8:$B$107,MATCH($B24,METAS!$A$8:$A$107,0)))) | F24: =IF($D24="","",IF($D24="Resgate",-ABS($E24),ABS($E24)))
C25: =IF($B25="","",IF(COUNTIF(METAS!$A$8:$A$107,$B25)=0,"ID não encontrado",INDEX(METAS!$B$8:$B$107,MATCH($B25,METAS!$A$8:$A$107,0)))) | F25: =IF($D25="","",IF($D25="Resgate",-ABS($E25),ABS($E25)))
C26: =IF($B26="","",IF(COUNTIF(METAS!$A$8:$A$107,$B26)=0,"ID não encontrado",INDEX(METAS!$B$8:$B$107,MATCH($B26,METAS!$A$8:$A$107,0)))) | F26: =IF($D26="","",IF($D26="Resgate",-ABS($E26),ABS($E26)))
... C507: =IF($B507="","",IF(COUNTIF(METAS!$A$8:$A$107,$B507)=0,"ID não encontrado",INDEX(METAS!$B$8:$B$107,MATCH($B507,METAS!$A$8:$A$107,0)))) | F507: =IF($D507="","",IF($D507="Resgate",-ABS($E507),ABS($E507)))

Sheet CONFIG
A1: CONFIGURAÇÕES E LISTAS
A2: Edite somente os parâmetros e listas desta aba quando quiser personalizar o modelo.
A4: Categorias | B4: Prioridades | C4: Tipos de movimento | E4: Parâmetro | F4: Valor
A5: Reserva de emergência | B5: Alta | C5: Aporte | E5: Alerta de prazo (dias) | F5: 90
A6: Viagem | B6: Média | C6: Resgate | E6: Prazo crítico (dias) | F6: 30
A7: Educação / Curso | B7: Baixa | C7: Rendimento | E7: Moeda | F7: BRL (R$)
A8: Veículo | E8: Versão do modelo | F8: 1.0
A9: Moradia
A10: Saúde
A11: Tecnologia / Equipamento
A12: Outros

Sheet AUDITORIA
A1: AUDITORIA E CHECKS
A2: Controles simples para detectar falhas comuns de preenchimento antes de confiar no dashboard.
A4: Controle | B4: Quantidade | C4: Resultado | D4: Ação
A5: Metas preenchidas sem ID | B5: =COUNTIFS(METAS!$B$8:$B$107,"<>",METAS!$A$8:$A$107,"") -> 0 | C5: =IF(B5=0,"OK","REVISAR") -> OK | D5: Preencher ID único
A6: Metas preenchidas sem valor necessário | B6: =COUNTIFS(METAS!$B$8:$B$107,"<>",METAS!$E$8:$E$107,"") -> 0 | C6: =IF(B6=0,"OK","REVISAR") -> OK | D6: Informar valor > 0
A7: Metas preenchidas sem prazo | B7: =COUNTIFS(METAS!$B$8:$B$107,"<>",METAS!$H$8:$H$107,"") -> 0 | C7: =IF(B7=0,"OK","REVISAR") -> OK | D7: Informar data de prazo
A8: Movimentos com ID de meta não encontrado | B8: =COUNTIF(APORTES!$C$8:$C$507,"ID não encontrado") -> 0 | C8: =IF(B8=0,"OK","REVISAR") -> OK | D8: Corrigir ID na aba APORTES
A9: Movimentos com valor negativo digitado | B9: =COUNTIF(APORTES!$E$8:$E$507,"<0") -> 0 | C9: =IF(B9=0,"OK","REVISAR") -> OK | D9: Digite valor positivo e use o tipo Resgate
A10: Metas com valor acumulado negativo | B10: =COUNTIF(METAS!$F$8:$F$107,"<0") -> 0 | C10: =IF(B10=0,"OK","REVISAR") -> OK | D10: Revisar resgates e movimentos
